 Dungeon Crawl Stone Soup version 0.29-a0-1052-g6990b1bffc (webtiles) character file.

Game seed: 3766622704268253487

27 Zeldest the Sneak (level 2, -5/14 HPs)
             Began as a Felid Delver on Aug 18, 2022.
             Was an Initiate of Cheibriados.
             Slain by a water moccasin (8 damage)
             ... on level 5 of the Dungeon.
             The game lasted 00:01:27 (187 turns).

Zeldest the Sneak (Felid Delver)                     Turns: 187, Time: 00:01:28

Health: -5/14      AC:  1    Str:  6 (9)  XL:     2   Next: 93%
Magic:  3/3        EV: 18    Int: 10 (12) God:    Cheibriados [......]
Gold:   0          SH:  0    Dex: 16 (18) Spells: 1/1 levels left
                                        Lives:  0   Deaths: 0

rFire   . . .      SeeInvis +     - Unarmed
rCold   . . .      Faith    .   (shield unavailable)
rNeg    . . .      Spirit   .   (body armour unavailable)
rPois   .          Reflect  .   (helmet unavailable)
rElec   .          Harm     .   (cloak unavailable)
rCorr   .          Rampage  .   (gloves unavailable)
Will    .....                   (boots unavailable)
Stlth   ++++......              (no amulet)
HPRegen 0.04/turn               (no ring)
MPRegen 0.08/turn               (no ring)

@: lethally poisoned (-5 -> -17)
A: very small, claws 1, fangs 3, see invisible, speed 1, shaggy fur 1, stealthy
paws, no weapons or thrown items, no armour, multi-lived
a: Renounce Religion


You were on level 5 of the Dungeon.
You worshipped Cheibriados.
Cheibriados was noncommittal.
You visited 1 branch of the dungeon, and saw 2 of its levels.

Inventory:

Wands
 e - a wand of digging (3)
Scrolls
 a - a scroll of fog
 b - 2 scrolls of magic mapping
 f - a scroll of blinking {unknown}
Potions
 d - a potion of haste


   Skills:
 + Level 3.3 Fighting
 + Level 3.3 Dodging
 + Level 6.9 Stealth
 + Level 2.4 Unarmed Combat
 + Level 0.0 Invocations


You had one spell level left.
You didn't know any spells.
Your spell library was empty.

Dungeon Overview and Level Annotations

Branches:
Dungeon (5/15)
 Temple: D:4-7

Altars:
Cheibriados
Elyvilon
Makhleb
Nemelex Xobeh
Wu Jian


Innate Abilities, Weirdness & Mutations

You have sharp claws.
You have razor-sharp teeth.
You have supernaturally acute eyesight. (SInv)
You cover ground quickly. (Speed+)
You are covered in fur. (AC +1)
Your paws help you pounce on unaware monsters.
You are incapable of wielding weapons or throwing items.
You cannot wear armour.
You gain extra lives every three experience levels.


Message History

There is an open door here.
There is a stone staircase leading down here.
There is an open door here.
Found a stone staircase leading up.
c - a gluggy blue potion A water moccasin comes into view.
Found a scroll labelled LOYROIRERI.
Found an escape hatch in the ceiling.
There is a stone staircase leading up here.
Okay, then.
It was a potion of degeneration.
There was something very wrong with that liquid.
You feel weakened.
You feel dopey.
You feel clumsy. The water moccasin barely misses you.
You scratch the water moccasin but do no damage.
You bite the water moccasin.
The water moccasin is lightly wounded.
The water moccasin closely misses you.
You scratch the water moccasin but do no damage.
The water moccasin is lightly wounded.
The water moccasin closely misses you. x2
You closely miss the water moccasin.
The water moccasin is lightly wounded.
The water moccasin misses you.
You scratch the water moccasin but do no damage.
Your bite misses the water moccasin.
The water moccasin is lightly wounded.
The water moccasin barely misses you.
You scratch the water moccasin.
The water moccasin is lightly wounded.
The water moccasin completely misses you.
You scratch the water moccasin.
The water moccasin is moderately wounded.
The water moccasin bites you!
Ouch! That really hurt!
* * * LOW HITPOINT WARNING * * *
You are lethally poisoned!
The water moccasin poisons you! The water moccasin bites you!
Ouch! That really hurt!
You die...

#.... ... #....
...####### #....
.........####### #....
...............#...+....
...............#...#....
<..............#...##..#
.......S.......#...##..#
.......@.......#.......#
...............#.......#
...............#.......+
...............'.......#
...............#.....>.#
.........#############'#
.?.###+### #.........
... #.........
#.........


You could see a water moccasin.

Vanquished Creatures
  An iguana (D:5)
  A hobgoblin (D:4)
2 creatures vanquished.

Notes
Turn   | Place    | Note
-------+----------+-------------------------------------------
     0 | D:5      | Zeldest the Felid Delver began the quest for the Orb.
     0 | D:5      | Reached XP level 1. HP: 10/10 MP: 2/2
     5 | D:5      | Noticed an iguana
     8 | D:5      | Killed an iguana
     9 | D:5      | Reached XP level 2. HP: 14/14 MP: 3/3
    75 | D:4      | Found a burning altar of Makhleb.
    75 | D:4      | Found an ornate altar of the Wu Jian Council.
    80 | D:4      | Found a sparkling altar of Nemelex Xobeh.
    82 | D:4      | Found a white marble altar of Elyvilon.
    83 | D:4      | Found a snail-covered altar of Cheibriados.
    87 | D:4      | Became a worshipper of Cheibriados the Contemplative
   108 | D:4      | Noticed an ogre
   175 | D:5      | Noticed a water moccasin
   187 | D:5      | Slain by a water moccasin

Illustrated notes

Levels and vault maps discovered:
D:4:      layout_rooms, gammafunk_temple_overflow_wave,
          chequers_temple_overflow_minitemple, lightli_sewer_entry_pipes,
          supply_closet_lemuel, nicolae_shop_dragon_depot
D:5:      layout_gridville, nicolae_gozag_seed_capital,
          minmay_temple_entry_overgrown, kennysheep_crisscross, uniq_grinder

Skill      XL: |  1 |
---------------+----+-----
Dodging        | 3 |  3.3
Fighting       | |  3.3
Stealth        | |  6.9
Unarmed Combat | |  2.4

Action                   || total
-------------------------++-------
Melee: Unarmed           ||    13
       Bite              ||     2
  Use: Scroll            ||     1
       Potion            ||     1
 Stab: Sleeping          ||     1
Dodge: Dodged            ||    11

Table legend: (Time is in decaauts)
 A = Elapsed time spent in this place.
 B = Non-inter-level travel time spent in this place.
 C = Inter-level travel time spent in this place.
 D = Time resting spent in this place.
 E = Time spent auto-exploring this place.
 F = Levels seen in this place.
 G = Mean time per level.
                   A        B        C        D        E       F      G
               +--------+--------+--------+--------+--------+-----+--------+
         Total |    177 |    177 |      0 |      0 |      0 |   2 |   88.5 |
       Dungeon |    177 |    177 |      0 |      0 |      0 |   2 |   88.5 |
               +--------+--------+--------+--------+--------+-----+--------+

Top non-repeatable levels by time:
     D:5: 106 daAuts
     D:4: 71 daAuts
